 Dungeon Crawl Stone Soup version 0.28.0-43-g3370ac3207 (webtiles) character file.

Game seed: 7045918485163778488

1598 smarlow the Ducker (level 9, -3/63 HPs)
             Began as a Djinni Fire Elementalist on Mar 1, 2022.
             Was a Follower of Makhleb.
             Slain by a gnoll sergeant
             ... wielding a +0 trident
              (10 damage)
             ... on level 6 of the Dungeon.
             The game lasted 00:13:39 (6211 turns).

smarlow the Ducker (Djinni Fire Elementalist)       Turns: 6211, Time: 00:13:40

Health: -3/63      AC:  2    Str: 13    XL:     9   Next: 15%
Gold:   302        EV: 14    Int: 20    God:    Makhleb [*.....] SH:  0 Dex: 15

rFire   + + .      SeeInvis .   e - +0 short sword (drain)
rCold   x . .      Faith    .   (no shield)
rNeg    . . .      Spirit   .   a - +0 robe
rPois   ∞          Reflect  .   (no helmet)
rElec   .          Harm     .   (no cloak)
rCorr   .          Rampage  .   (no gloves)
Will    .....                   (boots unavailable)
Stlth   +++.......              (no amulet)
HPRegen 0.20/turn               y - ring of wizardry
MPRegen 0.00/turn               c - +6 ring of strength

@: about to teleport, flying
A: sickness immunity, fire resistance 2, cold vulnerability 1, float, innate
caster, HP casting, extra vitality 1
a: Renounce Religion


You were on level 6 of the Dungeon.
You worshipped Makhleb.
Makhleb was aware of your devotion.
You visited 1 branch of the dungeon, and saw 6 of its levels.

You collected 302 gold pieces.

Inventory:

Hand Weapons
 e - a +0 short sword of draining (weapon)
Armour
 a - a +0 robe (worn)
Jewellery
 c - a +6 ring of strength (right hand)
 y - a ring of wizardry (left hand)
Wands
 r - a wand of flame (23)
 s - a wand of mindburst (12)
Scrolls
 f - 3 scrolls of enchant armour {unknown}
 h - 2 scrolls of teleportation
 i - a scroll of holy word {unknown}
 j - 2 scrolls of fog {unknown}
 l - 4 scrolls of identify {unknown}
 u - a scroll of vulnerability {unknown}
 w - a scroll of fear {unknown}
 x - a scroll of enchant weapon {unknown}
 z - a scroll of immolation {unknown}
Potions
 b - a potion of ambrosia {unknown}
 d - a potion of cancellation {unknown}
 g - 3 potions of might {unknown}
 k - 2 potions of invisibility {unknown}
 m - a potion of lignification {unknown}
 n - 2 potions of magic {unknown}
 o - a potion of heal wounds {unknown}
 p - 3 potions of attraction {unknown}
 q - 3 potions of mutation {unknown}
 t - a potion of brilliance {unknown}
 v - 3 potions of flight {unknown}


   Skills:
 + Level 4.6 Fighting
 + Level 5.8 Dodging
 + Level 4.7 Stealth
 * Level 5.7 Spellcasting


You couldn't memorise any spells.
You knew the following spells:

 Your Spells              Type           Power      Damage    Failure   Level
a - Foxfire               Conj/Fire      100%       2x1d9     1%          1
b - Scorch                Fire           56%        2d7       1%          2
c - Conjure Flame         Conj/Fire      28%        6-21      1%          3
d - Inner Flame           Hex/Fire       28%        N/A       1%          3
e - Flame Wave            Conj/Fire      28%        2d8       4%          4
f - Slow                  Hex            100%       N/A       1%          1
g - Call Imp              Summ           28%        N/A       1%          2
h - Searing Ray           Conj           56%        2d6       1%          2
i - Airstrike             Air            14%        N/A       4%          4
Your spell library was empty.

Dungeon Overview and Level Annotations

Branches:
Dungeon (6/15)             Temple (0/1) D:4

Altars:
Hepliaklqana
Makhleb
Sif Muna
Xom
Zin

Annotations:
D:5 Dowan, Duvessa


Innate Abilities, Weirdness & Mutations

You are immune to sickness and miasma.
You are immune to poison.
Your flesh is very heat resistant. (rF++)
You are vulnerable to cold. (rC-)
You float through the air rather than walking.
You learn spells naturally, not from books.
Your magical power is your life essence.
You have superior vitality. (+4 MHP)


Message History

The gnoll sergeant is lightly wounded.
The gnoll sergeant's fire resistance burns away.
You conjure some foxfire!
The gnoll sergeant closely misses you.
An ufetubus comes into view.
Casting: Foxfire (safe; 1% risk of failure)
Confirm with . or Enter, or press ? or * to list all spells.
Flames lash the gnoll sergeant but do no damage.
The foxfire hits the gnoll sergeant.
The gnoll sergeant is burned terribly!
The gnoll sergeant is moderately wounded.
The foxfire hits the gnoll sergeant but does no damage.
The gnoll sergeant is moderately wounded.
The gnoll sergeant hits you from afar with a +0 trident!
Casting: Scorch (safe; 1% risk of failure)
Confirm with . or Enter, or press ? or * to list all spells.
Flames lash the ufetubus.
The ufetubus is burned terribly!
You kill the ufetubus!
Makhleb accepts your kill.
You feel better.
The gnoll sergeant is no longer more vulnerable to fire.
The gnoll sergeant hits you from afar with a +0 trident!
A gnoll comes into view. It is wielding a +0 flail.
Casting: Scorch (safe; 1% risk of failure)
Confirm with . or Enter, or press ? or * to list all spells.
Flames lash the gnoll.
The gnoll is heavily wounded.
The gnoll's fire resistance burns away.
The gnoll sergeant hits you from afar with a +0 trident!
* * * LOW HITPOINT WARNING * * *
Your magical contamination has completely faded away.
Casting: Scorch (safe; 1% risk of failure)
Confirm with . or Enter, or press ? or * to list all spells.
Flames lash the gnoll sergeant but do no damage.
* * * LOW HITPOINT WARNING * * *
The gnoll sergeant hits you from afar with a +0 trident!
* * * LOW HITPOINT WARNING * * *
Okay, then.
As you read the scroll of teleportation, it crumbles to dust.
You feel strangely unstable. The gnoll sergeant barely misses you.
The gnoll sergeant hits you from afar with a +0 trident!
You die...

########## #........#
#........# #........#
###.####..### #.@.#
##...####### #.###
#.#......... #g#
#.#.........
#.######...........
#g.g.##...............
#)####................
.? ......#......#.. #.
..............## #
......###<......


You could see a gnoll sergeant and a gnoll.

Vanquished Creatures
  Maggie (D:6)
  Menkaure (D:5)
  An acid dragon (D:5)
  An ice beast (D:6)
  A necrophage (D:6)
  2 ogres (D:4)
  2 phantoms
  Blork the orc (D:5)
  A scorpion (D:5)
  An orc priest (D:3)
  A bullfrog skeleton (D:3)
  2 centaur skeletons (D:6)
  2 hounds
  A jelly (D:6)
  Jessica (D:3)
  Ijyb (D:4)
  An iguana (D:5)
  7 gnolls
  4 adders
  An ufetubus (D:6)
  An adder skeleton (D:4)
  4 worms
  2 dart slugs
  3 orcs
  3 ball pythons
  10 endoplasms
  A giant cockroach (D:2)
  3 goblins
  3 hobgoblins
  8 jackals
  5 bats
  4 frilled lizards
  7 kobolds
  2 rats
89 creatures vanquished.

Vanquished Creatures (others)
  367 foxfires
367 creatures vanquished.

Grand Total: 456 creatures vanquished

Notes
Turn   | Place    | Note
-------+----------+-------------------------------------------
     0 | D:1      | smarlow the Djinni Fire Elementalist began the quest for
                  | the Orb.
     0 | D:1      | Reached XP level 1. HP: 15/15 MP: 0/0
   169 | D:1      | Found a faded altar of an unknown god.
   331 | D:1      | Reached XP level 2. HP: 18/21 MP: 0/0
  1338 | D:2      | Reached XP level 3. HP: 24/26 MP: 0/0
  1338 | D:2      | Learned a level 1 spell: Slow
  1696 | D:2      | Reached skill level 1 in Fighting
  2301 | D:2      | Reached XP level 4. HP: 29/32 MP: 0/0
  2492 | D:3      | Found a burning altar of Makhleb.
  2492 | D:3      | Noticed an Executioner
  2507 | D:3      | Noticed an orange demon
  2507 | D:3      | Noticed a hellwing
  2509 | D:3      | Became a worshipper of Makhleb the Destroyer
  2545 | D:3      | Noticed Jessica
  2549 | D:3      | Killed Jessica
  2664 | D:3      | Reached XP level 5. HP: 25/38 MP: 0/0
  2664 | D:3      | Learned a level 2 spell: Call Imp
  3411 | D:3      | Reached XP level 6. HP: 34/43 MP: 0/0
  3865 | D:4      | Reached * piety under Makhleb
  3872 | D:4      | Noticed an ogre
  3882 | D:4      | Killed an ogre
  3989 | D:4      | Noticed Ijyb
  3994 | D:4      | Killed Ijyb
  4038 | D:4      | You are sucked into a shaft and drop 1 floor!
  4038 | D:5      | Entered Level 5 of the Dungeon
  4071 | D:4      | Noticed an ogre
  4075 | D:4      | Killed an ogre
  4076 | D:4      | Reached XP level 7. HP: 44/49 MP: 0/0
  4076 | D:4      | Learned a level 2 spell: Searing Ray
  4239 | D:4      | Found a hazy altar of Hepliaklqana.
  4240 | D:4      | Found a shimmering altar of Xom.
  4241 | D:4      | Noticed a spectral ugly thing
  4273 | D:4      | Found a staircase to the Ecumenical Temple.
  4332 | D:4      | Found a glowing silver altar of Zin.
  5125 | D:5      | Noticed Menkaure
  5126 | D:5      | Noticed Blork the orc
  5129 | D:5      | Killed Menkaure
  5133 | D:5      | Killed Blork the orc
  5134 | D:5      | Reached XP level 8. HP: 45/56 MP: 0/0
  5447 | D:5      | Noticed Duvessa
  5452 | D:5      | Noticed Dowan
  5579 | D:6      | Reached skill level 5 in Dodging
  5579 | D:6      | Reached skill level 5 in Spellcasting
  5742 | D:6      | Noticed Maggie
  5753 | D:6      | Killed Maggie
  5754 | D:6      | Reached XP level 9. HP: 9/63 MP: 0/0
  5754 | D:6      | Learned a level 4 spell: Airstrike
  6211 | D:6      | Slain by a gnoll sergeant

Illustrated notes

Levels and vault maps discovered:
D:1:      dpeg_arrival_rooms_b, layout_loops_corners,
          nicolae_ecumenical_lake_church
D:2:      layout_basic, hangedman_decor_diamond_cutter
D:3:      layout_loops_ring, makhleb_altar_promises_db,
          mainiacjoe_overflow_cross_hatched, uniq_jessica
D:4:      layout_rooms, regret_index_temple_of_mockery, zin_scriptorium,
          minmay_temple_entry_purple_smoke, uniq_ijyb
D:5:      layout_basic, nicolae_underground_beach, uniq_menkaure,
          uniq_blork_the_orc, uniq_duvessa
D:6:      layout_rooms, uniq_maggie

Skill      XL: |  1  2  3  4  5  6  7  8 |
---------------+-------------------------+-----
Stealth        | 2 3 4 |  4.7
Fighting       | 1 2 3 4 |  4.6
Dodging        | 3 4 5 |  5.8
Spellcasting   | 3 4 5 |  5.7

Action                   |  1- 3 |  4- 6 |  7- 9 || total
-------------------------+-------+-------+-------++-------
Melee: Unarmed           |     4 |       |       ||     4
       Short sword       |     1 |    10 |       ||    11
 Cast: Foxfire           |    66 |    81 |    96 ||   243
       Scorch            |     1 |    12 |    35 ||    48
       Airstrike         |       |       |     3 ||     3
  Use: Scroll            |       |       |     2 ||     2
Armor: Robe              |     4 |     6 |     1 ||    11
Dodge: Dodged            |    16 |    10 |    10 ||    36
